Bruins vs Lightning

Created - 6 février 2021 at 20:25

Goals
1 2 3 T
Bruins 1 0 3 4
Lightning 0 1 2 3
Shots
1 2 3 T
Bruins 20 5 12 37
Lightning 6 15 20 41

1st period

1. Bruins , Adam Henrique 19 (Brendan Lemieux 4, Brian Dumoulin 14) at 5:23

Penalties :
William Karlsson (TBL) for Cross-checking (Minor) at 6:08, Zach Bogosian (TBL) for Holding Stick (Minor) at 16:28

2nd period

2. Lightning , Logan Couture 21 (Sidney Crosby 25, Alex Killorn 24) at 1:04

Penalties :
No Penalty

3rd period

3. Lightning , Jeff Carter 19 (Joonas Donskoi 15, Zach Bogosian 16) at 6:18
4. Bruins , Alex Iafallo 23 (Adam Boqvist 1, Jonathon Merrill 7) at 8:50
5. Bruins , Carl Hagelin 12 (Brett Pesce 16, Jordan Oesterle 19) at 17:34
6. Bruins , Brady Skjei 6 (Brian Dumoulin 15, Brendan Lemieux 5) at 19:39 (Empty Net)
7. Lightning , Jeff Carter 20 (William Karlsson 24) at 19:45

Penalties :
Tyler Bertuzzi (BOS) for Holding (Minor) at 13:21

Goalie Stats

Tristan Jarry (BOS), 38 saves from 41 shots - (0,927), W, 15-21-1, 60:00 minutes
Jaroslav Halak (TBL), 33 saves from 36 shots - (0,917), L, 25-11-1, 59:40 minutes

Players Stats for Bruins

Player Name              G  A  P  +/- PIM S  H  SB GA TA FO     MP     PP MP  PK MP  
------------------------------------------------------------------------------------
Adam Boqvist             0  1  1   1  0   0  0  0  0  0  0/0    13:42   0:00   0:00 
Adam Henrique            1  0  1   1  0   2  2  0  0  0  18/43  24:38   1:46   1:24 
Alex Iafallo             1  0  1   1  0   5  0  0  0  0  0/2    16:20   0:00   0:55 
Antoine Roussel          0  0  0   0  0   1  0  0  0  0  0/0     6:30   0:00   0:57 
Brady Skjei              1  0  1   2  0   5  1  2  0  0  0/0    27:24   2:30   1:10 
Brendan Lemieux          0  2  2   1  0   1  3  0  0  0  0/2    18:13   1:46   0:00 
Brett Pesce              0  1  1  -2  0   0  2  4  0  0  0/0    18:46   1:28   0:49 
Brian Dumoulin           0  2  2   2  0   4  1  3  0  0  0/0    25:47   2:30   1:10 
Carl Hagelin             1  0  1  -1  0   4  1  0  0  0  1/1    19:04   2:12   0:00 
Jayson Megna             0  0  0  -1  0   3  1  0  0  0  1/2    19:04   2:12   0:00 
Jonathon Merrill         0  1  1   1  0   0  3  1  0  0  0/0    14:42   0:00   0:00 
Jordan Oesterle          0  1  1  -2  0   1  1  1  0  0  0/0    17:54   1:28   0:49 
Markus Nutivaara         0  0  0   0  0   0  0  1  0  0  0/0     1:45   0:00   0:00 
Michael Frolik           0  0  0   0  0   0  0  0  0  0  0/1     5:33   0:00   0:00 
Radek Faksa              0  0  0  -1  0   2  3  0  0  0  14/32  19:04   2:12   0:00 
Tanner Fritz             0  0  0   1  0   3  0  0  0  0  1/1    16:11   0:00   0:42 
Tyler Bertuzzi           0  0  0   1  2   4  0  1  0  0  0/0    18:12   1:46   0:00 
Vladimir Sobotka         0  0  0   1  0   2  2  0  0  0  10/21  15:11   0:00   0:00 

Players Stats for Lightning

Player Name              G  A  P  +/- PIM S  H  SB GA TA FO     MP     PP MP  PK MP  
------------------------------------------------------------------------------------
Alex Killorn             0  1  1  -1  0   3  3  0  0  0  0/2    20:16   0:47   0:00 
Alexander Edler          0  0  0  -3  0   2  2  2  0  0  0/0    25:57   1:04   2:41 
Erik Gudbranson          0  0  0   0  0   0  0  0  0  0  0/0    13:27   0:00   0:00 
Frederik Gauthier        0  0  0   0  0   0  0  0  0  0  5/6     4:31   0:00   1:20 
Jeff Carter              2  0  2   2  0   6  0  0  0  0  3/3    19:12   1:12   0:00 
Jeff Skinner             0  0  0  -2  0   4  0  0  0  0  0/0    13:23   0:00   0:00 
Joonas Donskoi           0  1  1   2  0   1  0  0  0  0  0/2    20:32   1:12   1:20 
Kevin Shattenkirk        0  0  0  -2  0   0  1  1  0  0  0/0    25:52   1:04   2:52 
Logan Couture            1  0  1  -1  0   6  3  0  0  0  0/0    20:16   0:47   0:00 
Luca Sbisa               0  0  0   0  0   1  2  1  0  0  0/0    13:27   0:00   0:00 
Pierre-Edouard Bellemare 0  0  0  -1  0   3  0  0  0  0  0/0     6:05   0:00   2:38 
Ryan Lindgren            0  0  0   0  0   0  0  0  0  0  0/0     0:00   0:00   0:00 
Sidney Crosby            0  1  1  -1  0   7  1  0  0  0  15/34  22:49   0:47   0:00 
Travis Zajac             0  0  0  -2  0   0  1  1  0  0  20/32  16:39   0:00   2:38 
Trevor Daley             0  0  0   2  0   1  0  2  0  0  0/0    20:58   0:55   1:39 
William Karlsson         0  1  1   2  2   5  1  0  0  0  16/25  19:11   1:12   0:00 
Zach Bogosian            0  1  1   1  2   0  3  3  0  0  0/0    20:18   0:55   0:44 
Zack Kassian             0  0  0  -1  0   2  3  0  0  0  1/1    13:07   0:00   0:00 

3 Stars

1 - Jeff Carter (TBL)
2 - Brian Dumoulin (BOS)
3 - Brady Skjei (BOS)

Power Play

Bruins - 0 on 2 Attempt(s) - 0,00%
Lightning - 0 on 1 Attempt(s) - 0,00%

Penalty Kill

Bruins - 1 on 1 Attempt(s) - 100,00% - Score 0 goal in Penalty Kill
Lightning - 2 on 2 Attempt(s) - 100,00% - Score 0 goal in Penalty Kill

Team Stat

Bruins - Hits : 20 - Faceoff Wins : 45 - Blocked Shots : 13 - Penalty Minutes : 2
Lightning - Hits : 20 - Faceoff Wins : 60 - Blocked Shots : 10 - Penalty Minutes : 4

Official

Referees : Justin Kea and Steve Kozari
Linesman : Libor Suchanek and Matt MacPherson

Game Notes

Markus Nutivaara is injured at 4:27 of 1st period (Right Knee)
Brady Skjei has scored in a empty net!

Finance

Level 1 -- Attendance: 6500 (100,00%) -- Ticket Income 715 000 $
Level 2 -- Attendance: 4735 (94,70%) -- Ticket Income 449 825 $
Level 3 -- Attendance: 2991 (85,46%) -- Ticket Income 224 325 $
Level 4 -- Attendance: 2750 (85,83%) -- Ticket Income 123 750 $
Luxury Box -- Attendance: 535 (53,50%) -- Ticket Income 192 600 $
Game was played at the Amalie Arena.
Total Attendance: 17511 (91,18%)
Total Ticket Income: 1 705 500 $
Other Income: 835 695 $
Total Income: 2 541 195 $

% Time on Ice - Bruins

Lines # - Real PCT - Wanted PCT - Time Play
Normal Forward
1 - 29% - 40% - 15:40
2 - 32% - 30% - 16:52
3 - 29% - 20% - 15:11
4 - 10% - 10% - 5:33
Normal Defense
1 - 38% - 40% - 20:02
2 - 29% - 30% - 15:17
3 - 28% - 20% - 15:00
4 - 6% - 10% - 2:57
PP Forward
1 - 45% - 60% - 1:46
2 - 55% - 40% - 2:12
PP Defense
1 - 63% - 60% - 2:30
2 - 37% - 40% - 1:28
PK Forward
1 - 100% - 60% - 1:59
2 - 0% - 40% - 0:00
PK Defense
1 - 59% - 60% - 1:10
2 - 41% - 40% - 0:49
PK3 Forward
1 - 0% - 60%
2 - 0% - 40%
PK3 Defense
1 - 0% - 60%
2 - 0% - 40%
44 Forward
1 - 0% - 60%
2 - 0% - 40%
44 Defense
1 - 0% - 60%
2 - 0% - 40%
Last Minute Offensive  - 0:00
Last Minute Defensive  - 0:47
Total
Forward - 60:00
Defense - 60:00

% Time on Ice - Lightning

Lines # - Real PCT - Wanted PCT - Time Play
Normal Forward
1 - 36% - 40% - 18:58
2 - 34% - 36% - 18:00
3 - 25% - 17% - 13:07
4 - 6% - 7% - 3:11
Normal Defense
1 - 37% - 40% - 19:28
2 - 35% - 30% - 18:24
3 - 25% - 20% - 13:27
4 - 4% - 10% - 1:57
PP Forward
1 - 39% - 55% - 0:47
2 - 61% - 45% - 1:12
PP Defense
1 - 54% - 50% - 1:04
2 - 46% - 50% - 0:55
PK Forward
1 - 66% - 60% - 2:38
2 - 34% - 40% - 1:20
PK Defense
1 - 58% - 60% - 2:19
2 - 42% - 40% - 1:39
PK3 Forward
1 - 0% - 60%
2 - 0% - 40%
PK3 Defense
1 - 0% - 60%
2 - 0% - 40%
44 Forward
1 - 0% - 60%
2 - 0% - 40%
44 Defense
1 - 0% - 60%
2 - 0% - 40%
Last Minute Offensive  - 0:47
Last Minute Defensive  - 0:00
Total
Forward - 60:00
Defense - 60:00

Play-by-Play

1st period


0:01 of 1st period - Adam Henrique wins face-off versus Sidney Crosby in neutral zone.
0:17 of 1st period - Logan Couture is hit by Brady Skjei and loses puck.
0:20 of 1st period - Shot by Logan Couture.
0:20 of 1st period - Shot Misses the Net.
0:22 of 1st period - Shot by Logan Couture.
0:22 of 1st period - Stopped by Tristan Jarry without a rebound.
0:23 of 1st period - William Karlsson wins face-off versus Radek Faksa in Bruins zone.
0:27 of 1st period - Icing by Carl Hagelin.
0:28 of 1st period - William Karlsson wins face-off versus Radek Faksa in Bruins zone.
0:55 of 1st period - Shot by Carl Hagelin.
0:55 of 1st period - Stopped by Jaroslav Halak without a rebound.
0:56 of 1st period - Vladimir Sobotka wins face-off versus Travis Zajac in Lightning zone.
1:31 of 1st period - Shot by Alex Iafallo.
1:31 of 1st period - Stopped by Jaroslav Halak without a rebound.
1:32 of 1st period - Sidney Crosby wins face-off versus Adam Henrique in Lightning zone.
1:32 of 1st period - Sidney Crosby is hit by Brendan Lemieux.
1:50 of 1st period - Shot by Brady Skjei.
1:50 of 1st period - Stopped by Jaroslav Halak without a rebound.
1:51 of 1st period - Radek Faksa wins face-off versus William Karlsson in Lightning zone.
2:06 of 1st period - Shot by Jeff Carter.
2:06 of 1st period - Stopped by Tristan Jarry without a rebound.
2:07 of 1st period - Frederik Gauthier wins face-off versus Adam Henrique in Bruins zone.
2:14 of 1st period - Shot by Sidney Crosby.
2:14 of 1st period - Shot Misses the Net.
2:16 of 1st period - Shot by Pierre-Edouard Bellemare.
2:16 of 1st period - Shot Misses the Net.
2:18 of 1st period - Shot by Frederik Gauthier.
2:18 of 1st period - Shot Blocked by Brady Skjei.
2:38 of 1st period - Shot by Sidney Crosby.
2:38 of 1st period - Shot Misses the Net.
3:18 of 1st period - Shot by Carl Hagelin.
3:18 of 1st period - Stopped by Jaroslav Halak without a rebound.
3:19 of 1st period - Tanner Fritz wins face-off versus Travis Zajac in Lightning zone.
3:28 of 1st period - Shot by Zack Kassian.
3:28 of 1st period - Shot Misses the Net.
3:43 of 1st period - Jeff Skinner is hit by Jonathon Merrill and loses puck.
4:27 of 1st period - Shot by William Karlsson.
4:27 of 1st period - Shot Blocked by Markus Nutivaara.
4:27 of 1st period - Markus Nutivaara from Bruins is injured at 4:27 of 1st period (Right Knee).
4:28 of 1st period - Sidney Crosby wins face-off versus Radek Faksa in Bruins zone.
4:45 of 1st period - Shot by Radek Faksa.
4:45 of 1st period - Deflect By Jayson Megna.
4:45 of 1st period - Shot Misses the Net.
4:47 of 1st period - Shot by Carl Hagelin.
4:47 of 1st period - Shot Misses the Net.
4:49 of 1st period - Shot by Brian Dumoulin.
4:49 of 1st period - Deflect By Radek Faksa.
4:49 of 1st period - Shot Blocked by Kevin Shattenkirk.
4:51 of 1st period - Shot by Brian Dumoulin.
4:51 of 1st period - Stopped by Jaroslav Halak without a rebound.
4:52 of 1st period - Jeff Carter wins face-off versus Adam Henrique in Lightning zone.
4:57 of 1st period - Shot by Jeff Carter.
4:57 of 1st period - Shot Misses the Net.
4:59 of 1st period - Shot by Jeff Carter.
4:59 of 1st period - Shot Misses the Net.
5:01 of 1st period - Shot by Jeff Carter.
5:01 of 1st period - Stopped by Tristan Jarry without a rebound.
5:02 of 1st period - Sidney Crosby wins face-off versus Adam Henrique in Bruins zone.
5:03 of 1st period - Shot by Logan Couture.
5:03 of 1st period - Shot Blocked by Brian Dumoulin.
5:07 of 1st period - Shot by Sidney Crosby.
5:07 of 1st period - Stopped by Tristan Jarry without a rebound.
5:08 of 1st period - Adam Henrique wins face-off versus Sidney Crosby in Bruins zone.
5:23 of 1st period - Shot by Adam Henrique.
5:23 of 1st period - Goal by Adam Henrique - Bruins : 1 - Lightning : 0.
5:24 of 1st period - William Karlsson wins face-off versus Jayson Megna in neutral zone.
5:30 of 1st period - Off-side.
5:31 of 1st period - Adam Henrique wins face-off versus Sidney Crosby in neutral zone.
5:36 of 1st period - Shot by Tyler Bertuzzi.
5:36 of 1st period - Stopped by Jaroslav Halak without a rebound.
5:37 of 1st period - Adam Henrique wins face-off versus Sidney Crosby in Lightning zone.
5:52 of 1st period - Off-side.
5:53 of 1st period - William Karlsson wins face-off versus Radek Faksa in neutral zone.
6:00 of 1st period - Radek Faksa is hit by William Karlsson and loses puck.
6:08 of 1st period - Minor Penalty to William Karlsson for Cross-checking.
6:09 of 1st period - Adam Henrique wins face-off versus Travis Zajac in Lightning zone.
6:10 of 1st period - Shot by Tyler Bertuzzi.
6:10 of 1st period - Shot Misses the Net.
6:45 of 1st period - Shot by Adam Henrique.
6:45 of 1st period - Shot Misses the Net.
6:47 of 1st period - Shot by Brendan Lemieux.
6:47 of 1st period - Shot Misses the Net.
6:49 of 1st period - Shot by Brady Skjei.
6:49 of 1st period - Stopped by Jaroslav Halak without a rebound.
6:50 of 1st period - Frederik Gauthier wins face-off versus Radek Faksa in Lightning zone.
7:05 of 1st period - Shot by Carl Hagelin.
7:05 of 1st period - Shot Blocked by Zach Bogosian.
7:07 of 1st period - Shot by Jayson Megna.
7:07 of 1st period - Deflect By Radek Faksa.
7:07 of 1st period - Stopped by Jaroslav Halak without a rebound.
7:08 of 1st period - Travis Zajac wins face-off versus Radek Faksa in Lightning zone.
7:27 of 1st period - Shot by Brett Pesce.
7:27 of 1st period - Shot Misses the Net.
7:53 of 1st period - Shot by Brady Skjei.
7:53 of 1st period - Stopped by Jaroslav Halak without a rebound.
7:54 of 1st period - Travis Zajac wins face-off versus Adam Henrique in Lightning zone.
8:35 of 1st period - Shot by Tanner Fritz.
8:35 of 1st period - Stopped by Jaroslav Halak without a rebound.
8:36 of 1st period - Adam Henrique wins face-off versus William Karlsson in Lightning zone.
8:39 of 1st period - Shot by Adam Henrique.
8:39 of 1st period - Stopped by Jaroslav Halak without a rebound.
8:40 of 1st period - William Karlsson wins face-off versus Adam Henrique in Lightning zone.
8:50 of 1st period - Icing by Brady Skjei.
8:51 of 1st period - Sidney Crosby wins face-off versus Brendan Lemieux in Bruins zone.
9:08 of 1st period - Shot by Tyler Bertuzzi.
9:08 of 1st period - Shot Misses the Net.
9:22 of 1st period - Shot by Adam Henrique.
9:22 of 1st period - Shot Blocked by Alexander Edler.
9:24 of 1st period - Shot by Brian Dumoulin.
9:24 of 1st period - Stopped by Jaroslav Halak without a rebound.
9:25 of 1st period - Radek Faksa wins face-off versus William Karlsson in Lightning zone.
9:32 of 1st period - Shot by Radek Faksa.
9:32 of 1st period - Shot Misses the Net.
9:34 of 1st period - Shot by Jayson Megna.
9:34 of 1st period - Stopped by Jaroslav Halak without a rebound.
9:35 of 1st period - Travis Zajac wins face-off versus Vladimir Sobotka in Lightning zone.
9:56 of 1st period - Shot by Jeff Skinner.
9:56 of 1st period - Stopped by Tristan Jarry without a rebound.
9:57 of 1st period - Jayson Megna wins face-off versus Sidney Crosby in Bruins zone.
11:28 of 1st period - Off-side.
11:29 of 1st period - Travis Zajac wins face-off versus Vladimir Sobotka in neutral zone.
11:31 of 1st period - Off-side.
11:32 of 1st period - Travis Zajac wins face-off versus Vladimir Sobotka in neutral zone.
12:25 of 1st period - Shot by Adam Henrique.
12:25 of 1st period - Shot Blocked by Luca Sbisa.
12:27 of 1st period - Shot by Jordan Oesterle.
12:27 of 1st period - Stopped by Jaroslav Halak without a rebound.
12:28 of 1st period - William Karlsson wins face-off versus Michael Frolik in Lightning zone.
13:24 of 1st period - Icing by Brett Pesce.
13:25 of 1st period - Carl Hagelin wins face-off versus Sidney Crosby in Bruins zone.
13:57 of 1st period - Shot by Carl Hagelin.
13:57 of 1st period - Shot Blocked by Zach Bogosian.
13:59 of 1st period - Shot by Jayson Megna.
13:59 of 1st period - Shot Misses the Net.
14:15 of 1st period - Shot by Alex Iafallo.
14:15 of 1st period - Stopped by Jaroslav Halak without a rebound.
14:16 of 1st period - Travis Zajac wins face-off versus Adam Henrique in Lightning zone.
14:28 of 1st period - Icing by Tyler Bertuzzi.
14:29 of 1st period - William Karlsson wins face-off versus Adam Henrique in Bruins zone.
15:33 of 1st period - Shot by Alex Iafallo.
15:33 of 1st period - Stopped by Jaroslav Halak without a rebound.
15:34 of 1st period - Sidney Crosby wins face-off versus Radek Faksa in Lightning zone.
15:34 of 1st period - Sidney Crosby is hit by Carl Hagelin.
15:46 of 1st period - Shot by Alex Killorn.
15:46 of 1st period - Stopped by Tristan Jarry without a rebound.
15:47 of 1st period - Vladimir Sobotka wins face-off versus Travis Zajac in Bruins zone.
15:47 of 1st period - Vladimir Sobotka is hit by Zack Kassian.
15:52 of 1st period - Icing by Alex Iafallo.
15:53 of 1st period - Vladimir Sobotka wins face-off versus Sidney Crosby in Bruins zone.
15:53 of 1st period - Vladimir Sobotka is hit by Logan Couture.
16:07 of 1st period - Shot by Alex Iafallo.
16:07 of 1st period - Shot Misses the Net.
16:28 of 1st period - Minor Penalty to Zach Bogosian for Holding Stick.
16:29 of 1st period - Travis Zajac wins face-off versus Adam Henrique in Lightning zone.
16:29 of 1st period - Travis Zajac is hit by Brendan Lemieux.
16:39 of 1st period - Off-side.
16:40 of 1st period - Radek Faksa wins face-off versus Travis Zajac in neutral zone.
16:42 of 1st period - Brian Dumoulin is hit by Travis Zajac and loses puck.
16:46 of 1st period - Brady Skjei is hit by Alexander Edler.
16:50 of 1st period - Shot by Brian Dumoulin.
16:50 of 1st period - Shot Blocked by Alexander Edler.
16:52 of 1st period - Shot by Brian Dumoulin.
16:52 of 1st period - Stopped by Jaroslav Halak without a rebound.
16:53 of 1st period - Adam Henrique wins face-off versus Travis Zajac in Lightning zone.
17:04 of 1st period - Shot by Brendan Lemieux.
17:04 of 1st period - Deflect By Tyler Bertuzzi.
17:04 of 1st period - Stopped by Jaroslav Halak without a rebound.
17:05 of 1st period - Travis Zajac wins face-off versus Radek Faksa in Lightning zone.
17:15 of 1st period - Icing by Brian Dumoulin.
17:16 of 1st period - Radek Faksa wins face-off versus Travis Zajac in Bruins zone.
18:30 of 1st period - Alex Iafallo is hit by Luca Sbisa and loses puck.
18:34 of 1st period - Icing by Alex Killorn.
18:35 of 1st period - Sidney Crosby wins face-off versus Vladimir Sobotka in Lightning zone.
18:44 of 1st period - Shot by Tanner Fritz.
18:44 of 1st period - Stopped by Jaroslav Halak without a rebound.
18:45 of 1st period - Travis Zajac wins face-off versus Adam Henrique in Lightning zone.
19:16 of 1st period - Shot by Travis Zajac.
19:16 of 1st period - Shot Misses the Net.
Goals for this period are 1 for Bruins vs 0 for Lightning.
Shots for this period are 20 for Bruins vs 6 for Lightning.

2nd period


0:01 of 2nd period - Jeff Carter wins face-off versus Adam Henrique in neutral zone.
0:06 of 2nd period - Shot by William Karlsson.
0:06 of 2nd period - Stopped by Tristan Jarry without a rebound.
0:07 of 2nd period - Jeff Carter wins face-off versus Brendan Lemieux in Bruins zone.
0:25 of 2nd period - Tyler Bertuzzi is hit by Alexander Edler and loses puck.
0:42 of 2nd period - Shot by Adam Henrique.
0:42 of 2nd period - Shot Misses the Net.
0:44 of 2nd period - Shot by Brian Dumoulin.
0:44 of 2nd period - Stopped by Jaroslav Halak without a rebound.
0:45 of 2nd period - Radek Faksa wins face-off versus Sidney Crosby in Lightning zone.
1:02 of 2nd period - Shot by Sidney Crosby.
1:02 of 2nd period - Shot Blocked by Brett Pesce.
1:04 of 2nd period - Shot by Logan Couture.
1:04 of 2nd period - Goal by Logan Couture - Bruins : 1 - Lightning : 1.
1:05 of 2nd period - Travis Zajac wins face-off versus Vladimir Sobotka in neutral zone.
1:12 of 2nd period - Shot by Zack Kassian.
1:12 of 2nd period - Stopped by Tristan Jarry without a rebound.
1:13 of 2nd period - Radek Faksa wins face-off versus Alex Killorn in Bruins zone.
1:13 of 2nd period - Radek Faksa is hit by Logan Couture.
1:25 of 2nd period - Shot by Jayson Megna.
1:25 of 2nd period - Stopped by Jaroslav Halak without a rebound.
1:26 of 2nd period - William Karlsson wins face-off versus Adam Henrique in Lightning zone.
1:47 of 2nd period - Jeff Carter is hit by Brendan Lemieux and loses puck.
1:56 of 2nd period - Icing by Zach Bogosian.
1:57 of 2nd period - William Karlsson wins face-off versus Radek Faksa in Lightning zone.
1:57 of 2nd period - William Karlsson is hit by Radek Faksa.
3:16 of 2nd period - Shot by Alex Killorn.
3:16 of 2nd period - Deflect By Sidney Crosby.
3:16 of 2nd period - Stopped by Tristan Jarry without a rebound.
3:17 of 2nd period - Travis Zajac wins face-off versus Adam Henrique in Bruins zone.
3:18 of 2nd period - Shot by Zack Kassian.
3:18 of 2nd period - Deflect By Jeff Skinner.
3:18 of 2nd period - Shot Blocked by Jordan Oesterle.
3:25 of 2nd period - Icing by Erik Gudbranson.
3:26 of 2nd period - Zack Kassian wins face-off versus Adam Henrique in Lightning zone.
3:57 of 2nd period - Shot by Jeff Skinner.
3:57 of 2nd period - Stopped by Tristan Jarry without a rebound.
3:58 of 2nd period - Sidney Crosby wins face-off versus Vladimir Sobotka in Bruins zone.
4:29 of 2nd period - Shot by Sidney Crosby.
4:29 of 2nd period - Stopped by Tristan Jarry with a rebound.
4:57 of 2nd period - Shot by Jeff Skinner.
4:57 of 2nd period - Stopped by Tristan Jarry without a rebound.
4:58 of 2nd period - William Karlsson wins face-off versus Adam Henrique in Bruins zone.
5:18 of 2nd period - Icing by Brian Dumoulin.
5:19 of 2nd period - Travis Zajac wins face-off versus Adam Henrique in Bruins zone.
5:30 of 2nd period - Shot by Jeff Skinner.
5:30 of 2nd period - Shot Blocked by Brian Dumoulin.
5:40 of 2nd period - Shot by Zack Kassian.
5:40 of 2nd period - Stopped by Tristan Jarry without a rebound.
5:41 of 2nd period - Radek Faksa wins face-off versus Sidney Crosby in Bruins zone.
5:41 of 2nd period - Radek Faksa is hit by Alex Killorn.
6:06 of 2nd period - Icing by Alexander Edler.
6:07 of 2nd period - Vladimir Sobotka wins face-off versus Sidney Crosby in Lightning zone.
6:13 of 2nd period - Icing by Kevin Shattenkirk.
6:14 of 2nd period - Sidney Crosby wins face-off versus Adam Henrique in Lightning zone.
6:35 of 2nd period - Shot by Sidney Crosby.
6:35 of 2nd period - Shot Blocked by Brian Dumoulin.
8:40 of 2nd period - Alexander Edler is hit by Brett Pesce.
8:42 of 2nd period - Shot by Pierre-Edouard Bellemare.
8:42 of 2nd period - Stopped by Tristan Jarry without a rebound.
8:43 of 2nd period - William Karlsson wins face-off versus Vladimir Sobotka in Bruins zone.
8:48 of 2nd period - Shot by William Karlsson.
8:48 of 2nd period - Stopped by Tristan Jarry without a rebound.
8:49 of 2nd period - Vladimir Sobotka wins face-off versus Joonas Donskoi in Bruins zone.
9:14 of 2nd period - Shot by William Karlsson.
9:14 of 2nd period - Shot Misses the Net.
9:41 of 2nd period - Shot by Jayson Megna.
9:41 of 2nd period - Shot Blocked by Trevor Daley.
10:13 of 2nd period - Shot by Sidney Crosby.
10:13 of 2nd period - Stopped by Tristan Jarry without a rebound.
10:14 of 2nd period - Sidney Crosby wins face-off versus Alex Iafallo in Bruins zone.
10:14 of 2nd period - Sidney Crosby is hit by Jonathon Merrill.
10:25 of 2nd period - Icing by Jonathon Merrill.
10:26 of 2nd period - Travis Zajac wins face-off versus Alex Iafallo in Bruins zone.
10:27 of 2nd period - Shot by Jeff Skinner.
10:27 of 2nd period - Stopped by Tristan Jarry without a rebound.
10:28 of 2nd period - Vladimir Sobotka wins face-off versus Sidney Crosby in Bruins zone.
11:40 of 2nd period - Shot by Zack Kassian.
11:40 of 2nd period - Shot Misses the Net.
12:09 of 2nd period - Shot by Carl Hagelin.
12:09 of 2nd period - Shot Misses the Net.
12:23 of 2nd period - Shot by Carl Hagelin.
12:23 of 2nd period - Shot Blocked by Travis Zajac.
12:35 of 2nd period - Radek Faksa is hit by Zack Kassian.
12:49 of 2nd period - Icing by Brady Skjei.
12:50 of 2nd period - Sidney Crosby wins face-off versus Radek Faksa in Bruins zone.
12:51 of 2nd period - Shot by Logan Couture.
12:51 of 2nd period - Shot Misses the Net.
12:57 of 2nd period - Brian Dumoulin is hit by Alex Killorn and loses puck.
13:12 of 2nd period - Shot by Sidney Crosby.
13:12 of 2nd period - Deflect By Logan Couture.
13:12 of 2nd period - Shot Misses the Net.
13:18 of 2nd period - Shot by Logan Couture.
13:18 of 2nd period - Shot Misses the Net.
14:09 of 2nd period - Shot by William Karlsson.
14:09 of 2nd period - Stopped by Tristan Jarry without a rebound.
14:10 of 2nd period - Frederik Gauthier wins face-off versus Adam Henrique in Bruins zone.
14:15 of 2nd period - Shot by Pierre-Edouard Bellemare.
14:15 of 2nd period - Shot Blocked by Jonathon Merrill.
15:07 of 2nd period - Shot by Joonas Donskoi.
15:07 of 2nd period - Shot Misses the Net.
15:29 of 2nd period - Shot by Logan Couture.
15:29 of 2nd period - Shot Misses the Net.
16:15 of 2nd period - Shot by Pierre-Edouard Bellemare.
16:15 of 2nd period - Stopped by Tristan Jarry without a rebound.
16:16 of 2nd period - Vladimir Sobotka wins face-off versus William Karlsson in Bruins zone.
17:24 of 2nd period - Shot by Jayson Megna.
17:24 of 2nd period - Stopped by Jaroslav Halak without a rebound.
17:25 of 2nd period - Radek Faksa wins face-off versus Alex Killorn in Lightning zone.
17:41 of 2nd period - Icing by Alex Killorn.
17:42 of 2nd period - Vladimir Sobotka wins face-off versus Sidney Crosby in Lightning zone.
17:42 of 2nd period - Vladimir Sobotka is hit by Zach Bogosian.
17:50 of 2nd period - Shot by Alex Iafallo.
17:50 of 2nd period - Stopped by Jaroslav Halak with a rebound.
18:10 of 2nd period - Shot by Vladimir Sobotka.
18:10 of 2nd period - Stopped by Jaroslav Halak without a rebound.
18:11 of 2nd period - Travis Zajac wins face-off versus Radek Faksa in Lightning zone.
18:11 of 2nd period - Travis Zajac is hit by Radek Faksa.
18:27 of 2nd period - Travis Zajac is hit by Radek Faksa and loses puck.
18:36 of 2nd period - Icing by Jordan Oesterle.
18:37 of 2nd period - Frederik Gauthier wins face-off versus Radek Faksa in Bruins zone.
18:46 of 2nd period - Shot by Frederik Gauthier.
18:46 of 2nd period - Shot Misses the Net.
19:22 of 2nd period - Shot by Alex Iafallo.
19:22 of 2nd period - Shot Misses the Net.
19:50 of 2nd period - Shot by William Karlsson.
19:50 of 2nd period - Stopped by Tristan Jarry without a rebound.
19:51 of 2nd period - Adam Henrique wins face-off versus Travis Zajac in Bruins zone.
19:59 of 2nd period - Icing by Erik Gudbranson.
Goals for this period are 0 for Bruins vs 1 for Lightning.
Shots for this period are 5 for Bruins vs 15 for Lightning.

3rd period


0:01 of 3rd period - Sidney Crosby wins face-off versus Adam Henrique in neutral zone.
0:10 of 3rd period - Shot by Logan Couture.
0:10 of 3rd period - Stopped by Tristan Jarry without a rebound.
0:11 of 3rd period - Radek Faksa wins face-off versus William Karlsson in Bruins zone.
1:14 of 3rd period - Shot by Tyler Bertuzzi.
1:14 of 3rd period - Shot Blocked by Trevor Daley.
1:24 of 3rd period - Shot by Brendan Lemieux.
1:24 of 3rd period - Stopped by Jaroslav Halak with a rebound.
1:30 of 3rd period - Shot by Adam Henrique.
1:30 of 3rd period - Shot Misses the Net.
2:15 of 3rd period - Alex Iafallo is hit by Kevin Shattenkirk and loses puck.
2:27 of 3rd period - Shot by Alex Killorn.
2:27 of 3rd period - Stopped by Tristan Jarry without a rebound.
2:28 of 3rd period - Travis Zajac wins face-off versus Radek Faksa in Bruins zone.
2:50 of 3rd period - Icing by Jeff Skinner.
2:51 of 3rd period - Travis Zajac wins face-off versus Adam Henrique in Lightning zone.
2:56 of 3rd period - Shot by Zack Kassian.
2:56 of 3rd period - Shot Blocked by Tyler Bertuzzi.
2:58 of 3rd period - Shot by Luca Sbisa.
2:58 of 3rd period - Stopped by Tristan Jarry without a rebound.
2:59 of 3rd period - Adam Henrique wins face-off versus Sidney Crosby in Bruins zone.
2:59 of 3rd period - Brendan Lemieux is hit by Sidney Crosby and loses puck.
3:34 of 3rd period - Shot by Sidney Crosby.
3:34 of 3rd period - Stopped by Tristan Jarry without a rebound.
3:35 of 3rd period - Travis Zajac wins face-off versus Radek Faksa in Bruins zone.
4:57 of 3rd period - Icing by Carl Hagelin.
4:58 of 3rd period - Sidney Crosby wins face-off versus Radek Faksa in Bruins zone.
4:59 of 3rd period - Shot by Alex Killorn.
4:59 of 3rd period - Deflect By Logan Couture.
4:59 of 3rd period - Stopped by Tristan Jarry without a rebound.
5:00 of 3rd period - Sidney Crosby wins face-off versus Adam Henrique in Bruins zone.
5:14 of 3rd period - Icing by Alexander Edler.
5:15 of 3rd period - Vladimir Sobotka wins face-off versus Sidney Crosby in Lightning zone.
5:31 of 3rd period - Shot by Vladimir Sobotka.
5:31 of 3rd period - Deflect By Alex Iafallo.
5:31 of 3rd period - Shot Misses the Net.
6:18 of 3rd period - Shot by Jeff Carter.
6:18 of 3rd period - Goal by Jeff Carter - Bruins : 1 - Lightning : 2.
6:19 of 3rd period - Adam Henrique wins face-off versus Travis Zajac in neutral zone.
6:34 of 3rd period - Shot by Adam Henrique.
6:34 of 3rd period - Deflect By Antoine Roussel.
6:34 of 3rd period - Stopped by Jaroslav Halak without a rebound.
6:35 of 3rd period - William Karlsson wins face-off versus Adam Henrique in Lightning zone.
6:35 of 3rd period - William Karlsson is hit by Adam Henrique.
6:43 of 3rd period - Shot by Jeff Carter.
6:43 of 3rd period - Shot Misses the Net.
6:45 of 3rd period - Shot by Jeff Carter.
6:45 of 3rd period - Deflect By Joonas Donskoi.
6:45 of 3rd period - Stopped by Tristan Jarry without a rebound.
6:46 of 3rd period - Radek Faksa wins face-off versus Travis Zajac in Bruins zone.
6:48 of 3rd period - Icing by Carl Hagelin.
6:49 of 3rd period - Radek Faksa wins face-off versus William Karlsson in Bruins zone.
6:59 of 3rd period - Icing by Brady Skjei.
7:00 of 3rd period - Sidney Crosby wins face-off versus Radek Faksa in Bruins zone.
7:17 of 3rd period - Kevin Shattenkirk is hit by Jayson Megna and loses puck.
8:13 of 3rd period - Joonas Donskoi is hit by Jordan Oesterle and loses puck.
8:22 of 3rd period - Shot by Joonas Donskoi.
8:22 of 3rd period - Shot Misses the Net.
8:26 of 3rd period - Shot by Joonas Donskoi.
8:26 of 3rd period - Deflect By Jeff Carter.
8:26 of 3rd period - Shot Blocked by Brett Pesce.
8:50 of 3rd period - Shot by Alex Iafallo.
8:50 of 3rd period - Goal by Alex Iafallo - Bruins : 2 - Lightning : 2.
8:51 of 3rd period - Frederik Gauthier wins face-off versus Vladimir Sobotka in neutral zone.
8:53 of 3rd period - Sidney Crosby is hit by Vladimir Sobotka and loses puck.
9:02 of 3rd period - Shot by Erik Gudbranson.
9:02 of 3rd period - Shot Blocked by Brady Skjei.
9:04 of 3rd period - Shot by Pierre-Edouard Bellemare.
9:04 of 3rd period - Shot Misses the Net.
9:06 of 3rd period - Shot by Pierre-Edouard Bellemare.
9:06 of 3rd period - Stopped by Tristan Jarry without a rebound.
9:07 of 3rd period - Travis Zajac wins face-off versus Radek Faksa in Bruins zone.
9:11 of 3rd period - Travis Zajac is hit by Jonathon Merrill and loses puck.
10:17 of 3rd period - Shot by Logan Couture.
10:17 of 3rd period - Stopped by Tristan Jarry without a rebound.
10:18 of 3rd period - William Karlsson wins face-off versus Adam Henrique in Bruins zone.
10:18 of 3rd period - William Karlsson is hit by Brett Pesce.
10:20 of 3rd period - Shot by Jeff Carter.
10:20 of 3rd period - Shot Misses the Net.
10:28 of 3rd period - Shot by Tyler Bertuzzi.
10:28 of 3rd period - Stopped by Jaroslav Halak without a rebound.
10:29 of 3rd period - Sidney Crosby wins face-off versus Adam Henrique in Lightning zone.
10:45 of 3rd period - Michael Frolik is hit by Zach Bogosian and loses puck.
10:54 of 3rd period - Brian Dumoulin is hit by Logan Couture and loses puck.
11:04 of 3rd period - Sidney Crosby is hit by Brian Dumoulin.
11:08 of 3rd period - Shot by Sidney Crosby.
11:08 of 3rd period - Stopped by Tristan Jarry with a rebound.
11:30 of 3rd period - Shot by William Karlsson.
11:30 of 3rd period - Stopped by Tristan Jarry without a rebound.
11:31 of 3rd period - Radek Faksa wins face-off versus Travis Zajac in Bruins zone.
12:10 of 3rd period - Shot by Carl Hagelin.
12:10 of 3rd period - Shot Misses the Net.
12:17 of 3rd period - Icing by Alexander Edler.
12:18 of 3rd period - Travis Zajac wins face-off versus Vladimir Sobotka in Lightning zone.
12:18 of 3rd period - Zack Kassian is hit by Vladimir Sobotka and loses puck.
12:34 of 3rd period - Vladimir Sobotka is hit by Zack Kassian and loses puck.
13:12 of 3rd period - Shot by Sidney Crosby.
13:12 of 3rd period - Stopped by Tristan Jarry without a rebound.
13:13 of 3rd period - Adam Henrique wins face-off versus William Karlsson in Bruins zone.
13:17 of 3rd period - Brian Dumoulin is hit by Luca Sbisa and loses puck.
13:21 of 3rd period - Minor Penalty to Tyler Bertuzzi for Holding.
13:22 of 3rd period - Adam Henrique wins face-off versus Joonas Donskoi in Bruins zone.
14:17 of 3rd period - Shot by Kevin Shattenkirk.
14:17 of 3rd period - Shot Blocked by Brett Pesce.
14:29 of 3rd period - Shot by Alexander Edler.
14:29 of 3rd period - Stopped by Tristan Jarry without a rebound.
14:30 of 3rd period - Adam Henrique wins face-off versus William Karlsson in Bruins zone.
14:36 of 3rd period - Icing by Jeff Carter.
14:37 of 3rd period - William Karlsson wins face-off versus Adam Henrique in Lightning zone.
14:37 of 3rd period - William Karlsson is hit by Adam Henrique.
14:55 of 3rd period - Shot by William Karlsson.
14:55 of 3rd period - Shot Hit the Post.
15:17 of 3rd period - Shot by Logan Couture.
15:17 of 3rd period - Shot Misses the Net.
15:54 of 3rd period - Shot by Jayson Megna.
15:54 of 3rd period - Shot Misses the Net.
15:56 of 3rd period - Shot by Jayson Megna.
15:56 of 3rd period - Shot Misses the Net.
15:58 of 3rd period - Shot by Jayson Megna.
15:58 of 3rd period - Shot Misses the Net.
16:24 of 3rd period - Shot by Sidney Crosby.
16:24 of 3rd period - Shot Blocked by Brett Pesce.
16:26 of 3rd period - Shot by Trevor Daley.
16:26 of 3rd period - Shot Misses the Net.
16:28 of 3rd period - Shot by Alex Killorn.
16:28 of 3rd period - Stopped by Tristan Jarry without a rebound.
16:29 of 3rd period - William Karlsson wins face-off versus Vladimir Sobotka in Bruins zone.
16:38 of 3rd period - Shot by Jeff Carter.
16:38 of 3rd period - Deflect By Joonas Donskoi.
16:38 of 3rd period - Shot Misses the Net.
16:48 of 3rd period - Shot by Alex Iafallo.
16:48 of 3rd period - Shot Misses the Net.
16:50 of 3rd period - Shot by Tanner Fritz.
16:50 of 3rd period - Stopped by Jaroslav Halak without a rebound.
16:51 of 3rd period - Radek Faksa wins face-off versus Sidney Crosby in Lightning zone.
16:51 of 3rd period - Carl Hagelin is hit by Zach Bogosian and loses puck.
17:00 of 3rd period - Shot by Radek Faksa.
17:00 of 3rd period - Stopped by Jaroslav Halak without a rebound.
17:01 of 3rd period - Vladimir Sobotka wins face-off versus William Karlsson in Lightning zone.
17:16 of 3rd period - Shot by Trevor Daley.
17:16 of 3rd period - Stopped by Tristan Jarry with a rebound.
17:18 of 3rd period - Shot by Jeff Carter.
17:18 of 3rd period - Stopped by Tristan Jarry with a rebound.
17:20 of 3rd period - Shot by Trevor Daley.
17:20 of 3rd period - Shot Misses the Net.
17:22 of 3rd period - Shot by Zach Bogosian.
17:22 of 3rd period - Shot Misses the Net.
17:24 of 3rd period - Shot by Jeff Carter.
17:24 of 3rd period - Stopped by Tristan Jarry without a rebound.
17:25 of 3rd period - Radek Faksa wins face-off versus Sidney Crosby in Bruins zone.
17:34 of 3rd period - Shot by Carl Hagelin.
17:34 of 3rd period - Goal by Carl Hagelin - Bruins : 3 - Lightning : 2.
17:35 of 3rd period - Adam Henrique wins face-off versus Frederik Gauthier in neutral zone.
17:40 of 3rd period - Shot by Brendan Lemieux.
17:40 of 3rd period - Deflect By Tyler Bertuzzi.
17:40 of 3rd period - Stopped by Jaroslav Halak without a rebound.
17:41 of 3rd period - Adam Henrique wins face-off versus Sidney Crosby in Lightning zone.
17:48 of 3rd period - Brian Dumoulin is hit by Alex Killorn and loses puck.
18:07 of 3rd period - Shot by Brady Skjei.
18:07 of 3rd period - Stopped by Jaroslav Halak with a rebound.
18:58 of 3rd period - Shot by Carl Hagelin.
18:58 of 3rd period - Stopped by Jaroslav Halak without a rebound.
18:59 of 3rd period - Travis Zajac wins face-off versus Vladimir Sobotka in Lightning zone.
19:06 of 3rd period - Shot by Vladimir Sobotka.
19:06 of 3rd period - Stopped by Jaroslav Halak without a rebound.
19:07 of 3rd period - Adam Henrique wins face-off versus Sidney Crosby in Lightning zone.
19:19 of 3rd period - Lightning, Jaroslav Halak is pulled from the net.
19:19 of 3rd period - Shot by Logan Couture.
19:19 of 3rd period - Stopped by Tristan Jarry with a rebound.
19:21 of 3rd period - Shot by Alex Killorn.
19:21 of 3rd period - Shot Misses the Net.
19:23 of 3rd period - Shot by Alexander Edler.
19:23 of 3rd period - Stopped by Tristan Jarry without a rebound.
19:24 of 3rd period - Adam Henrique wins face-off versus Travis Zajac in Bruins zone.
19:33 of 3rd period - Shot by Brendan Lemieux.
19:33 of 3rd period - Shot Misses the Net.
19:35 of 3rd period - Shot by Brady Skjei.
19:35 of 3rd period - Shot Blocked by Zach Bogosian.
19:37 of 3rd period - Shot by Brian Dumoulin.
19:37 of 3rd period - Shot Hit the Post.
19:39 of 3rd period - Shot by Brady Skjei.
19:39 of 3rd period - Goal by Brady Skjei - Bruins : 4 - Lightning : 2.
19:39 of 3rd period - Jaroslav Halak from Lightning was sent back in the game.
19:40 of 3rd period - William Karlsson wins face-off versus Radek Faksa in neutral zone.
19:45 of 3rd period - Shot by Jeff Carter.
19:45 of 3rd period - Goal by Jeff Carter - Bruins : 4 - Lightning : 3.
19:46 of 3rd period - Adam Henrique wins face-off versus Sidney Crosby in neutral zone.
Goals for this period are 3 for Bruins vs 2 for Lightning.
Shots for this period are 12 for Bruins vs 20 for Lightning.